 Dungeon Crawl Stone Soup version 0.18.1-50-g88ac8fd (webtiles) character file.

1512 Flanowski the Covert (level 8, -3/42 HPs)
             Began as a Vine Stalker Assassin on Sept 14, 2016.
             Was a Follower of Ashenzari.
             Slain by a killer bee (6 damage)
             ... on level 6 of the Dungeon.
             The game lasted 00:15:37 (4707 turns).

Flanowski the Covert (Vine Stalker Assassin)        Turns: 4707, Time: 00:15:37

Health: -3/42      AC:  9    Str: 19    XL:     8   Next: 83%
Magic:  0/9        EV: 15    Int: 11    God:    Ashenzari [*.....]
Gold:   277        SH:  0    Dex: 18    Spells: 0 memorised, 7 levels left

rFire  + + .     SeeInvis .     I - +4 short sword "Wifruhol" {pierce, rF+} (curse)
rCold  x . .     Gourm    .     v - +3 leather armour (curse)
rNeg   . . .     Faith    .     (no shield)
rPois  .         Spirit   +     (no helmet)
rElec  .         Dismiss  .     d - +0 cloak (curse)
rCorr  .         Reflect  .     G - +0 pair of gloves
SustAt .         Harm     .     (no boots)
MR     +....                    y - amulet of regeneration
Stlth  ++++......               E - ring of fire
                                x - +1 ring of protection

@: mighty, lethally poisoned (-3 -> -4), somewhat resistant to hostile
enchantments, stealthy
A: fangs 3, regeneration 2, magic shield, antimagic bite, no device heal 3, rot
immunity
a: Curse Item, Scrying, Renounce Religion


You were on level 6 of the Dungeon.
You worshipped Ashenzari.
Ashenzari was aware of your devotion.
You were hungry.

You visited 1 branch of the dungeon, and saw 7 of its levels.

You collected 277 gold pieces.

Inventory:

Hand Weapons
 a - a +3 dagger
 b - a +0 blowgun
 I - the cursed +4 short sword "Wifruhol" (weapon) {pierce, rF+}
   (You found it on level 6 of the Dungeon)

   It inflicts extra damage upon your enemies.
   It protects you from fire.
   It has a curse placed upon it.
Missiles
 e - 8 poisoned needles
 f - 2 curare-tipped needles
Armour
 c - a +0 robe
 d - a cursed +0 cloak (worn)
 v - a cursed +3 leather armour (worn)
 G - a +0 pair of gloves (worn)
Jewellery
 x - a +1 ring of protection (left hand)
 y - an amulet of regeneration (around neck)
 E - a ring of fire (right hand)
Wands
 z - a wand of paralysis (6/24)
 C - a wand of enslavement (13/24)
Scrolls
 j - a scroll of noise
 k - a scroll of identify
 m - 3 scrolls of enchant weapon
 w - 2 scrolls of teleportation
Potions
 i - 2 potions of degeneration
 n - a potion of heal wounds
 o - a potion of brilliance
 p - a potion of ambrosia
 r - a potion of agility
 t - 3 potions of might
 A - a potion of curing {unknown}
Books
 u - a book of Fire

   Spells                             Type                      Level
   a - Ignite Poison                  Fire/Transmutation/Poison    3
   b - Fireball                       Conjuration/Fire             5
   c - Bolt of Fire                   Conjuration/Fire             6
   d - Delayed Fireball               Conjuration/Fire             7
   e - Ring of Flames                 Charms/Fire                  7
Comestibles
 g - 3 bread rations
 h - 3 meat rations
 l - a slice of pizza
 B - 8 chunks of flesh
 D - a beef jerky


   Skills:
 * Level 4.6 Fighting
 + Level 3.4 Short Blades
 - Level 1.7 Throwing
 + Level 2.3 Armour
 * Level 5.6 Dodging
 + Level 8.0 Stealth


You had 7 spell levels left.
You didn't know any spells.

Dungeon Overview and Level Annotations

Branches:
Dungeon (7/15)             Temple (0/1) D:5

Altars:
Ashenzari
Cheibriados
Kikubaaqudgha
Nemelex Xobeh
Pakellas
Ru
Sif Muna
Xom
Yredelemnul


Innate Abilities, Weirdness & Mutations

You have razor-sharp teeth.
You heal very quickly.
When hurt, damage is shared between your health and your magic reserves.
Your bite disrupts and absorbs the magic of your enemies.
Potions and wands cannot restore your health.
You are immune to rotting.


Message History

Your magical effects are unravelling.
You feel magically purged.
You feel a little less agile now.
Your resistance to elements expires.
You feel sick. The killer bee closely misses you.
The killer bee barely misses you. The killer bee stings you.
* * * LOW HITPOINT WARNING * * *
The killer bee stings you!
* * * LOW HITPOINT WARNING * * *
Read which item? (? for menu, Esc to quit)
As you read the scroll labeled CYOHOQUCUP, it crumbles to dust.
You feel momentarily disoriented.
It was a scroll of magic mapping.
You feel sick. The killer bee closely misses you. The killer bee misses you.
The killer bee closely misses you. x2
Drink which item? (? for menu, Esc to quit)
That would not heal you.
Drink which item? (? for menu, Esc to quit)
It was a potion of might.
You feel very mighty all of a sudden.
You feel sick. The killer bee stings you!
You die...

# ##..#.#..#.......# #... #
#..#......##.#### #..# #
#..###..#.##.# ##... #####
#..###..#.##.# #.... ....#
#.....^......# #####.#.# ###.#
########...### ##.##....# ###.#
#...# ##.#....... .##.#### #...#
#.##....... .##....#
#####@..#####...##....
.#####.#####....yy.....##.#...###
.# #.#..................#.#####
.# #.#.###....).†....###..# ##.
.# ###.#.# #####.>)##### ##.###.#
.# #<[.#.# ###)..### #....## ##
#)###.# #.......# #.#####
.###)###.#####.#...#.# ##.#....
...÷..........<...##.#####....###


You could see 2 killer bees.

Vanquished Creatures
  An orc warrior (D:5)
  A phantom (D:5)
  The ghost of GFox the Ducker, an amateur MiMo (D:3)
  An ogre (D:5)
  3 giant frogs (D:6)
  A scorpion (D:6)
  3 killer bees (D:6)
  3 howler monkeys (D:6)
  2 crimson imps
  A hound (D:4)
  2 orc priests
  6 orc wizards
  3 worker ants
  A hound zombie (D:5)
  A hound skeleton (D:6)
  3 gnolls (D:6)
  11 adders
  An adder skeleton (D:5)
  4 worms
  A dart slug (D:1)
  6 giant geckos
  15 orcs
  13 bats
  6 giant cockroaches
  6 goblins
  2 hobgoblins
  5 jackals
  8 kobolds
  A quokka (D:2)
  A ball python (D:3)
  A giant gecko skeleton (D:4)
  4 giant newts
  6 rats
124 creatures vanquished.

Notes
Turn   | Place    | Note
--------------------------------------------------------------
     0 | D:1      | Flanowski the Vine Stalker Assassin began the quest for the Orb.
     0 | D:1      | Reached XP level 1. HP: 11/11 MP: 2/2
    27 | D:1      | Reached skill level 5 in Stealth
   124 | D:1      | Reached XP level 2. HP: 15/15 MP: 3/3
   168 | D:1      | Reached skill level 1 in Dodging
   264 | D:1      | Reached XP level 3. HP: 11/18 MP: 4/4
   269 | D:1      | Found a shimmering altar of Xom.
   683 | D:2      | Found a sacrificial altar of Ru.
   711 | D:2      | Reached skill level 6 in Stealth
   711 | D:2      | Reached XP level 4. HP: 16/23 MP: 2/5
   773 | D:2      | Found a sacrificial altar of Ru.
   981 | D:2      | Reached XP level 5. HP: 27/27 MP: 6/6
  1601 | D:3      | Noticed GFox's ghost (amateur MiMo)
  1633 | D:3      | Killed GFox's ghost
  1633 | D:3      | Gained mutation: You heal very quickly. [Vine Stalker growth]
  1633 | D:3      | Reached XP level 6. HP: 11/32 MP: 3/7
  1873 | D:3      | Found a deep blue altar of Sif Muna.
  2160 | D:4      | Found a sparkling altar of Nemelex Xobeh.
  2501 | D:4      | Found an ancient bone altar of Kikubaaqudgha.
  2684 | D:4      | Found an oddly glowing altar of Pakellas.
  2694 | D:4      | Found a basalt altar of Yredelemnul.
  2697 | D:4      | Found a shattered altar of Ashenzari.
  2705 | D:4      | Became a worshipper of Ashenzari the Shackled
  3067 | D:5      | Entered Level 5 of the Dungeon
  3170 | D:5      | Reached XP level 7. HP: 33/36 MP: 8/8
  3216 | D:5      | Reached skill level 7 in Stealth
  3334 | D:5      | Found a snail-covered altar of Cheibriados.
  3420 | D:5      | Found a staircase to the Ecumenical Temple.
  3575 | D:5      | Reached skill level 1 in Armour
  3848 | D:6      | Gained mutation: You have razor-sharp teeth. [Vine Stalker growth]
  3848 | D:6      | Reached XP level 8. HP: 42/42 MP: 9/9
  4173 | D:6      | Reached * piety under Ashenzari
  4337 | D:6      | Identified the +4 short sword "Wifruhol" {pierce, rF+}
  4538 | D:7      | Reached skill level 8 in Stealth
  4562 | D:6      | Reached skill level 5 in Dodging
  4707 | D:6      | Slain by a killer bee

Skill      XL: |  1  2  3  4  5  6  7  8 |
---------------+-------------------------+-----
Stealth        | 5 6 7 8 |  8.0
Dodging        | 1 2 3 4 5 |  5.6
Fighting       | 2 3 4 |  4.6
Short Blades   | 2 3 |  3.4
Armour         | 1 2 |  2.3
Throwing       | |  1.7

Action                   |  1- 3 |  4- 6 |  7- 9 || total
-------------------------+-------+-------+-------++-------
Melee: Dagger            |    85 |   186 |   139 ||   410
       Bite              |    14 |    44 |    60 ||   118
       Short sword       |       |       |    57 ||    57
Invok: Curse Item        |       |       |     4 ||     4
  Use: Scroll            |       |     8 |     5 ||    13
       Potion            |       |       |     4 ||     4
 Stab: Sleeping          |    10 |    16 |     8 ||    34
       Distracted        |       |     1 |     1 ||     2
  Eat: Chunk             |       |     6 |     6 ||    12
Armor: Robe              |    35 |    12 |       ||    47
       Leather armour    |       |    20 |    67 ||    87
Dodge: Dodged            |    64 |    90 |   176 ||   330
